 Dungeon Crawl Stone Soup version 0.20-a0-772-g73021bd (webtiles) character file.

50 Laan the Chopper (level 3, -2/31 HPs)
             Began as a Minotaur Fighter on Feb 27, 2017.
             Slain by Robin
             ... wielding a +0 spear
              (3 damage)
             ... on level 2 of the Dungeon.
             The game lasted 00:01:38 (729 turns).

Laan the Chopper (Minotaur Fighter)                  Turns: 729, Time: 00:01:38

Health: -2/31      AC:  6    Str: 21    XL:     3   Next: 55%
Magic:  2/2        EV:  7    Int:  5    God:
Gold:   54         SH:  9    Dex:  9    Spells: 2/2 levels left

rFire    . . .     SeeInvis .   a - +0 war axe
rCold    . . .     Gourm    .   b - +0 scale mail
rNeg     . . .     Faith    .   c - +0 shield
rPois    .         Spirit   .   (helmet restricted)
rElec    .         Reflect  .   (no cloak)
rCorr    .         Harm     .   (no gloves)
MR       .....                  (no boots)
Stlth    ..........             (no amulet)
Regen    0.1/turn               (no ring)
MPRegen  0.1/turn               (no ring)

@: no status effects
A: retaliatory headbutt, horns 2
a: no special abilities


You were on level 2 of the Dungeon.
You were not hungry.

You visited 1 branch of the dungeon, and saw 2 of its levels.

You collected 54 gold pieces.

Inventory:

Hand Weapons
 a - a +0 war axe (weapon)
Armour
 b - a +0 scale mail (worn)
 c - a +0 shield (worn)
Scrolls
 g - a scroll of random uselessness {unknown}
 m - a scroll of recharging {unknown}
 o - a scroll of remove curse {unknown}
 p - a scroll of noise {unknown}
Potions
 d - a potion of might
 e - 2 potions of flight {unknown}
 i - a potion of agility {unknown}
 j - a potion of haste {unknown}
 n - a potion of heal wounds {unknown}
Comestibles
 f - a bread ration
 h - a fruit
 k - a royal jelly
 l - 8 chunks of flesh


   Skills:
 - Level 3.6 Fighting
 + Level 4.8 Axes
 - Level 3.6 Armour
 - Level 3.6 Shields


You had 2 spell levels left.
You didn't know any spells.

Dungeon Overview and Level Annotations

Branches:
Dungeon (2/15)

Altars:

Annotations:
D:2 Robin


Innate Abilities, Weirdness & Mutations

You reflexively headbutt those who attack you in melee.
You have a pair of horns on your head.


Message History

You are too injured to fight recklessly!
You miss the goblin. You headbutt the goblin.
You kill the goblin!
You block Robin's attack. Robin barely misses you.
Items here: )) ††† a club; a dagger; a giant cockroach corpse; a goblin corpse x2
You closely miss Robin. Your headbutt misses Robin. You block Robin's attack.
You barely miss Robin. Your headbutt misses Robin.
Robin zaps a wand.
The puff of flame hits you!
* * * LOW HITPOINT WARNING * * *
Robin zaps a wand.
The puff of flame hits you!
* * * LOW HITPOINT WARNING * * *
A goblin comes into view. It is wielding a dagger.
The goblin shouts!
You hit Robin.
Robin is moderately wounded.
The goblin no longer looks unusually strong.
Robin hits you with a spear.
You die...

....# #....#
....######....#
....#.........#
....#.###.....#######
....#...#............
........#......#....
.#####..#......#)###
### . .....#+#.#.#
.g.g . )..##.# #.#@#
.g... ...##.#
#.#g#...... ...##.#
#.)g)...... .##
#.#.#......
...#.'.g....
#.#.###...... #.#.#
...... # #.# .....
#.# .....


You could see Robin, a hobgoblin and a goblin.

Vanquished Creatures
  An adder (D:2)
  2 dart slugs
  2 leopard geckos
  A bat (D:1)
  3 giant cockroaches
  11 goblins (D:2)
  3 hobgoblins
  2 kobolds
  A frilled lizard (D:2)
  5 rats
31 creatures vanquished.

Notes
Turn   | Place    | Note
-------+----------+-------------------------------------------
     0 | D:1      | Laan the Minotaur Fighter began the quest for the Orb.
     0 | D:1      | Reached XP level 1. HP: 19/19 MP: 0/0
   147 | D:1      | Reached skill level 3 in Axes
   397 | D:1      | Reached XP level 2. HP: 26/26 MP: 1/1
   655 | D:2      | Reached skill level 4 in Axes
   675 | D:2      | Reached XP level 3. HP: 26/31 MP: 2/2
   706 | D:2      | Noticed Robin
   728 | D:2      | HP: 1/31 [Robin/wand of flame (?/48) (4)]
   729 | D:2      | Slain by Robin

Vault maps used:
D:1:      dpeg_arrival_rooms_a
D:2:      nicolae_overflow_crystal_walls, uniq_robin

Skill      XL: |  1  2 |
---------------+-------+-----
Axes           | 3 4 |  4.8
Fighting       | |  3.6
Armour         | |  3.6
Shields        | |  3.6

Action                   || total
-------------------------++-------
Melee: War axe           ||    56
       Headbutt          ||     8
Armor: Scale mail        ||    28
Dodge: Dodged            ||    14
Block: Shield            ||    20
